 Dungeon Crawl Stone Soup version 0.31-a0-1405-g2bb1a01664 (webtiles) character file.

Game seed: 14039597302569581171

100580 Ofeo the Bludgeoner (level 16, -6/282 HPs)
             Began as an Oni Gladiator on Dec 25, 2023.
             Was an Initiate of Gozag.
             Mangled by a merfolk impaler
             ... wielding a +0 trident
              (15 damage)
             ... on level 1 of the Shoals.
             The game lasted 01:17:17 (39897 turns).

Ofeo the Bludgeoner (Oni Gladiator)                Turns: 39897, Time: 01:17:18

Health: -6/282     AC:  9    Str: 34    XL:     16   Next: 28%
Magic:  16/16      EV: 12    Int: 13    God:    Gozag
Gold:   2180       SH:  5    Dex: 10    Spells: 15/15 levels left

rFire   + . .        a - +8 giant spiked club
rCold   . . .        (shield currently unavailable)
rNeg    + . .        x - +1 robe of Restlessness {Fly rElec Regen+ Str+2}
rPois   .            c - +1 hat
rElec   +            (no cloak)
rCorr   +            (gloves unavailable)
SInv    .            (boots unavailable)
Will    +....        O - amulet of reflection Stlth
                     p - ring of Doubts {rC+ rCorr AC+4 Int+2}
HPRegen 1.47/turn    y - ring of Xuqirr {Fire ^Drain rN+ Will+ Str+6}
MPRegen 0.15/turn

%: reflection
@: berserking, weak-willed, flying, very quick
A: large, unfitting armour, horns 1, tough skin 1, double potion healing,
drunken brawling
a: Renounce Religion, Potion Petition, Call Merchant, Bribe Branch


You were on level 1 of the Shoals.
You worshipped Gozag.
Gozag was most pleased with you.
You visited 5 branches of the dungeon, and saw 24 of its levels.
You also visited: Bailey and Gauntlet.

You collected 10466 gold pieces.
You spent 4694 gold pieces at shops.
You paid 3592 gold pieces to Gozag.

Inventory:

Hand Weapons
 a - a +8 giant spiked club (weapon)
Missiles
 d - 2 throwing nets
 j - 6 javelins (quivered)
 A - 5 boomerangs
 C - 38 poisoned darts
 W - 40 large rocks
Armour
 c - a +1 hat (worn)
 x - the +1 robe of Restlessness (worn) {Fly rElec Regen+ Str+2}
   (You bought it in a shop on level 2 of the Orcish Mines)

   Str+2:     It affects your strength (+2).
   rElec:     It insulates you from electricity.
   Fly:       It grants you flight.
   Regen+:    It increases your rate of health regeneration.
Magical Staves
 b - the staff "Peserghu" {*Corrode rPois Str+9 Fire Alchemy}
   (You found it on level 10 of the Dungeon)

   [staff of alchemy]

   Base accuracy: +5 Base damage: 5 Base attack delay: 1.2 This weapon's minimum
   attack delay (0.6) is reached at skill level 12.
   Str+9:     It affects your strength (+9).
   rPois:     It protects you from poison *Corrode: It may corrode you when you
   take damage.
   Fire:      It increases the power of your Fire spells.
   Alchemy:   It increases the power of your Alchemy spells.
   It falls into the 'Staves' category.
   It is a one-handed weapon.
Jewellery
 p - the ring of Doubts (left hand) {rC+ rCorr AC+4 Int+2}
   (You bought it in a shop on level 4 of the Dungeon)

   [ring of protection]

   AC+4:      It affects your AC (+4).
   Int+2:     It affects your intelligence (+2).
   rC+:       It protects you from cold.
   rCorr:     It protects you from acid and corrosion.
 y - the ring of Xuqirr (right hand) {Fire ^Drain rN+ Will+ Str+6}
   (You acquired it on level 2 of the Orcish Mines)

   [ring of fire]

   Fire:      It enhances your fire magic.
   Str+6:     It affects your strength (+6).
   rF+:       It protects you from fire.
   rC-:       It makes you vulnerable to cold.
   rN+:       It protects you from negative energy.
   Will+:     It increases your willpower.
   ^Drain:    It drains your maximum health when unequipped.
 H - the ring "Vyipowni" {+Blink rPois rN+ Will+}
   (You found it in a Gauntlet)

   [ring of poison resistance]

   rPois:     It protects you from poison rN+: It protects you from negative
   energy.
   Will+:     It increases your willpower.
   +Blink:    It lets you blink.
 N - an amulet of regeneration
 O - an amulet of reflection (around neck)
 S - an amulet of magic regeneration
Wands
 h - a wand of acid (6) {@v2}
 k - a wand of charming (24)
 u - a wand of flame (42)
 w - a wand of mindburst (18)
 D - a wand of iceblast (2) {@v4}
 F - a wand of digging (3) {@v1}
Scrolls
 f - 4 scrolls of teleportation {@r3}
 g - 3 scrolls of fog
 n - 2 scrolls of fear
 o - 3 scrolls of amnesia
 v - a scroll of vulnerability
 G - 4 scrolls of blinking {@r4}
 J - 2 scrolls of enchant armour
 K - 2 scrolls of poison
 L - a scroll of silence
 Q - 2 scrolls of butterflies
Potions
 e - 3 potions of enlightenment
 i - 2 potions of attraction
 l - 3 potions of lignification
 m - 3 potions of might {@q4}
 q - 6 potions of curing {@q1}
 r - 2 potions of resistance {@q6}
 s - 2 potions of haste {@q3}
 t - 4 potions of brilliance
 z - a potion of magic
 E - 4 potions of mutation
 I - 5 potions of invisibility
 P - 4 potions of cancellation
 R - a potion of berserk rage
 X - a potion of ambrosia
Miscellaneous
 B - a box of beasts (inert)
 M - a lightning rod (3/4)


   Skills:
 - Level 18.9 Fighting
 + Level 19.2 Maces & Flails
 - Level 12.4 Throwing
 - Level 9.8 Dodging
 - Level 7.0 Evocations


You had 15 spell levels left.
You didn't know any spells.
Your spell library contained the following spells:

 Spells                   Type           Power      Damage    Failure   Level
 Apportation              Tloc           0%         N/A       30%         1
 Freeze                   Ice            0%         1d3       30%         1
 Necrotise                Necr           0%         1d4       30%         1
 Shock                    Conj/Air       0%         1d3       30%         1
 Sting                    Conj/Alch      0%         1d3       30%         1
 Summon Small Mammal      Summ           0%         N/A       30%         1
 Ensorcelled Hibernation  Hex/Ice        0%         N/A       43%         2
 Mercury Vapours          Alch/Air       0%         N/A       43%         2
 Passwall                 Alch/Erth      0%         N/A       43%         2
 Call Canine Familiar     Summ           0%         N/A       67%         3
 Frozen Ramparts          Ice            0%         1d1       67%         3
 Fugue of the Fallen      Necr           0%         N/A       67%         3
 Gell's Gravitas          Tloc           0%         N/A       67%         3
 Hailstorm                Conj/Ice       0%         3d5       67%         3
 Inner Flame              Hex/Fire       0%         N/A       67%         3
 Ozocubu's Armour         Ice            0%         N/A       67%         3
 Sigil of Binding         Hex            0%         N/A       67%         3
 Swiftness                Air            0%         N/A       67%         3
 Teleport Other           Tloc           0%         N/A       67%         3
 Tukima's Dance           Hex            0%         N/A       67%         3
 Airstrike                Air            0%         2d(0-16)  97%         4
 Dimensional Bullseye     Hex/Tloc       0%         N/A       97%         4
 Flame Wave               Conj/Fire      0%         2d4       97%         4
 Iskenderun's Mystic Bla  Conj/Tloc      0%         2d3       97%         4
 Leda's Liquefaction      Alch/Erth      0%         N/A       97%         4
 Manifold Assault         Tloc           0%         N/A       97%         4
 Olgreb's Toxic Radiance  Alch           0%         N/A       97%         4
 Sticky Flame             Fire/Alch      0%         2d4       97%         4
 Summon Ice Beast         Ice/Summ       0%         N/A       97%         4
 Lee's Rapid Deconstruct  Erth           0%         3d4*      100%        5
 Bombard                  Conj/Erth      0%         9d1       100%        6
 Dispersal                Tloc           0%         N/A       100%        6
 Simulacrum               Ice/Necr       Unusable   N/A       N/A         6

Dungeon Overview and Level Annotations

Branches:
Dungeon (15/15)            Temple (0/1) D:7            Lair (5/5) D:10
 Shoals (1/4) Lair:2       Spider (1/4) Lair:2        Slime (0/5) Lair:5
    Orc (2/2) D:12            Elf (0/3) Orc:2        Vaults (0/5) D:14
 Depths (0/4) D:15         Bailey (visited)         Gauntlet (visited)

Altars:
Cheibriados
Dithmenos
Gozag
Makhleb
Nemelex Xobeh
Okawaru
Sif Muna
Trog
Vehumet
Wu Jian
Yredelemnul
Zin

Shops:
D:4 =   D:5 *   D:15 =   Orc:2 **[(   Lair:1 !   Lair:2 !


Innate Abilities, Weirdness & Mutations

You are too large for most types of armour.
You have a pair of small horns on your head.
You have tough skin. (AC +1)
You gain doubled healing and magic from potions.
Whenever you drink a healing potion, you attack all around you.


Message History

[a] - 299 gold - heal wounds, curing and berserk rage [b] - 440 gold - heal wounds, berserk rage and haste [c] - 720 gold - resistance, might and haste Purchase which effect?
You feel much better.
You feel better.
A red film seems to cover your vision as you go berserk!
You feel yourself moving faster!
You feel mighty! The merfolk impaler closely misses you.
A faun comes into view. It is wielding a +0 club.
You now have 42/282 hp.
You feel a strong urge to attack something.
A nearby plant withers and dies.
The snapping turtle is no longer distracted by gold.
The merfolk siren is no longer distracted by gold.
The merfolk impaler closely misses you.
You barely miss the merfolk impaler.
Your headbutt misses the merfolk impaler.
The merfolk impaler is heavily wounded.
You block the merfolk impaler's attack.
You thump the merfolk impaler!
Your headbutt misses the merfolk impaler.
The merfolk impaler is severely wounded.
You block the merfolk siren's attack.
The faun hits you with a +0 quarterstaff!
* * * LOW HITPOINT WARNING * * *
The snapping turtle bites you from afar.
* * * LOW HITPOINT WARNING * * *
The merfolk impaler hits you with a +0 trident!
* * * LOW HITPOINT WARNING * * *
You see here 18 gold pieces.
You take 33 damage, and have 11/282 hp.
You barely miss the merfolk impaler.
The merfolk impaler is severely wounded.
The merfolk siren hits you with a +0 trident.
* * * LOW HITPOINT WARNING * * *
The faun gestures at you while chanting.
Your willpower is stripped away!
The merfolk impaler hits you with a +0 trident!
You die...
Your body crumbles into a pile of gold.

~c≈~P~PP.~~~~~~~~~≈≈≈
....≈≈≈~~~~~~~.P.~~~≈≈≈
...:.≈≈≈~..~~~..#.~~≈≈≈
.....~P(...~~~....~~≈≈≈
...~...(....~...~~~~≈≈≈
P..P~..c....$..~.~~~≈≈≈
.~~~P.t.t....~~~~~~~≈≈≈
P.~~..cm##...~~≈≈≈≈≈≈≈≈
..P...$@##...~~≈≈≈≈≈≈≈≈
........m...~~~≈≈≈≈≈≈≈≈
P.##......~~~~~≈≈≈≈≈≈≈≈
#..P~~PP.~~≈≈≈≈≈≈≈≈≈
#...~(~..P~≈≈≈≈≈≈≈≈≈
##.~~~P~~~~≈≈≈≈≈≈≈≈≈
#.~~~~~~~≈≈≈≈≈≈≈≈≈≈
#.~~≈≈≈≈≈≈≈≈≈≈≈≈≈≈≈
..~~≈≈≈≈≈≈≈≈≈≈≈≈≈≈≈


You could see a merfolk impaler, 2 snapping turtles, 2 fauns and a merfolk
siren.

Vanquished Creatures
  Rupert (Lair:4)
  Donald (Spider:1)
  A stone giant (Orc:2)
  An orc warlord (Orc:2)
  A dire elephant (Lair:5)
  A minotaur (Gauntlet)
  An ettin (Orc:2)
  A fire dragon (D:15)
  3 ice dragons
  5 hydras
  An ogre mage (D:15)
  4 vault guards
  2 centaur warriors
  3 catoblepae
  6 boulder beetles
  5 two-headed ogres
  A deep troll shaman (Lair:5)
  3 orc high priests
  An occultist (D:15)
  9 death yaks
  A skyshark (Lair:3)
  A sixfirhy (Gauntlet)
  4 skeletal warriors
  A slime creature (D:13)
  11 orc knights
  A faun (Shoals:1)
  4 ugly things (D:14)
  4 deep elf pyromancers
  An oklob plant (D:10)
  4 orc sorcerers (Orc:2)
  8 cyclopes
  5 kobold blastminers
  An ice statue (Lair:4)
  5 black mambas
  8 elephants
  2 torpor snails
  6 cane toads
  2 gargoyles (D:10)
  3 unseen horrors
  An efreet (D:13)
  7 komodo dragons
  4 rime drakes
  An ice devil (Lair:4)
  2 freezing wraiths (D:15)
  5 trolls
  A queen bee (shapeshifter) (D:13)
  4 merfolk (Shoals:1)
  A hornet (D:10)
  Prince Ribbit (D:9)
  A wind drake (Shoals:1)
  8 polar bears
  3 dream sheep (Lair:2)
  8 blink frogs (Lair:1)
  A raiju (shapeshifter) (D:14)
  5 saltlings (Orc:2)
  2 centaur simulacra
  A spriggan (shapeshifter) (D:13)
  3 jumping spiders (Spider:1)
  31 yaks
  2 vampires
  3 wraiths
  2 shadows
  5 wyverns
  Eustachio (D:4)
  7 redbacks
  A basilisk (Lair:1)
  3 wargs
  A redback simulacrum (D:15)
  2 steam dragons
  14 vampire mosquitoes
  A harpy simulacrum (Lair:4)
  A hydra simulacrum (Gauntlet)
  6 water moccasins
  28 orc warriors
  A sky beast (D:8)
  A meliai simulacrum (Gauntlet)
  An ice beast (D:5)
  3 black bears
  4 boggarts (D:13)
  2 laughing skulls (Gauntlet)
  A crocodile (shapeshifter) (D:14)
  9 ogres
  4 wolves
  18 centaurs
  5 kobold brigands
  14 bullfrogs
  2 gnoll sergeants
  A scorpion (D:6)
  A two-headed ogre simulacrum (Lair:4)
  19 wights
  2 hornet simulacra (Gauntlet)
  13 killer bees
  3 howler monkeys
  7 electric eels (Bailey)
  A crimson imp (D:7)
  12 orc priests
  2 bombardier beetles
  5 hounds
  16 jellies
  A sleepcap (D:5)
  7 iguanas
  12 orc wizards
  A troll simulacrum (Lair:4)
  A wolf simulacrum (Lair:4)
  11 gnolls
  9 adders
  4 naga simulacra (Lair:4)
  A shadow imp (D:6)
  A white imp (D:6)
  4 ufetubi (Gauntlet)
  3 dart slugs (D:2)
  73 orcs
  14 bats
  11 endoplasms
  18 goblins
  8 hobgoblins
  2 jackals (D:2)
  24 kobolds
  3 quokkas
  7 ball pythons
  5 frilled lizards
  6 rats
663 creatures vanquished.

Vanquished Creatures (others)
  A vampire mosquito (D:10)
  A boggart (D:13)
2 creatures vanquished.

Grand Total: 665 creatures vanquished

Notes
Turn   | Place    | Note
-------+----------+-------------------------------------------
     0 | D:1      | Ofeo the Oni Gladiator began the quest for the Orb.
     0 | D:1      | Reached XP level 1. HP: 22/22 MP: 1/1
   205 | D:1      | Reached XP level 2. HP: 28/29 MP: 2/2
   492 | D:1      | Found a faded altar of an unknown god.
   890 | D:1      | Prayed at the altar of an unknown god.
   890 | D:1      | Became a worshipper of Gozag Ym Sagoz the Greedy
   973 | D:2      | Reached XP level 3. HP: 37/37 MP: 3/3
  1373 | D:2      | Reached XP level 4. HP: 45/45 MP: 4/4
  2730 | D:3      | Identified a scroll of acquirement
  2730 | D:3      | Acquired a manual of Throwing
  2996 | D:3      | Reached XP level 5. HP: 54/54 MP: 5/5
  3020 | D:3      | Found a bloodstained altar of Trog.
  3020 | D:3      | Found a snail-covered altar of Cheibriados.
  3257 | D:3      | Found a sparkling altar of Nemelex Xobeh.
  3879 | D:4      | Reached skill level 4 in Maces & Flails
  4041 | D:4      | Acquired 1113 gold pieces
  4059 | D:4      | Bought the ring of Doubts {rC+ rCorr AC+4 Int+2} for 717
                  | gold pieces
  4129 | D:4      | Found a shadowy altar of Dithmenos.
  4187 | D:4      | Noticed Eustachio
  4208 | D:4      | Killed Eustachio
  4209 | D:4      | Reached skill level 5 in Fighting
  4209 | D:4      | Reached XP level 6. HP: 48/66 MP: 6/6
  4660 | D:4      | Reached skill level 5 in Throwing
  4919 | D:4      | Reached XP level 7. HP: 74/74 MP: 7/7
  4969 | D:4      | Found an ornate altar of the Wu Jian Council.
  4980 | D:4      | Found a basalt altar of Yredelemnul.
  4980 | D:4      | Found a shimmering blue altar of Sif Muna.
  5229 | D:4      | Bought a +4 ring of protection for 432 gold pieces
  5237 | D:5      | Entered Level 5 of the Dungeon
  5345 | D:5      | Reached skill level 5 in Maces & Flails
  5460 | D:5      | Found Cinul's Assorted Antiques.
  6286 | D:5      | Reached XP level 8. HP: 79/84 MP: 8/8
  6682 | D:6      | Reached skill level 6 in Maces & Flails
  8213 | D:6      | Reached XP level 9. HP: 97/97 MP: 9/9
  8246 | D:6      | Reached skill level 7 in Maces & Flails
  9232 | D:7      | Reached skill level 10 in Throwing
  9292 | D:7      | Found a glowing silver altar of Zin.
  9304 | D:7      | Found a staircase to the Ecumenical Temple.
  9446 | D:7      | Reached skill level 10 in Fighting
  9446 | D:7      | Reached skill level 8 in Maces & Flails
  9778 | D:7      | Reached XP level 10. HP: 94/107 MP: 10/10
  9987 | D:7      | Found a radiant altar of Vehumet.
  9988 | D:7      | Found a burning altar of Makhleb.
 11248 | D:9      | Found a flagged portal.
 11281 | Bailey   | Entered a bailey
 11427 | Bailey   | Reached skill level 9 in Maces & Flails
 11599 | Bailey   | Noticed an orc knight
 11606 | Bailey   | Killed an orc knight
 11614 | Bailey   | HP: 5/172 [orc warrior/+0 war axe (15)]
 12253 | Bailey   | Acquired 1177 gold pieces
 12398 | Bailey   | Noticed an orc knight
 12418 | Bailey   | Killed an orc knight
 13101 | Bailey   | Reached skill level 10 in Maces & Flails
 13340 | Bailey   | Found an iron altar of Okawaru.
 13340 | Bailey   | Noticed an orc high priest
 13340 | Bailey   | Noticed an orc high priest
 13348 | Bailey   | Noticed a soul eater
 13353 | Bailey   | Killed an orc high priest
 13354 | Bailey   | Reached XP level 11. HP: 44/127 MP: 11/11
 13650 | Bailey   | Noticed a sun demon
 13658 | Bailey   | Noticed a sixfirhy
 13664 | Bailey   | Killed an orc high priest
 13976 | Bailey   | Reached skill level 13 in Maces & Flails
 13976 | Bailey   | Reached XP level 12. HP: 136/136 MP: 12/12
 14365 | D:9      | Noticed Prince Ribbit
 14369 | D:9      | Killed Prince Ribbit
 15439 | D:10     | Entered Level 10 of the Dungeon
 15691 | D:10     | Reached skill level 14 in Maces & Flails
 15821 | D:10     | Found a staircase to the Lair.
 15890 | D:10     | Found an iron altar of Okawaru.
 16798 | D:10     | Identified the staff "Peserghu" {*Corrode rPois Str+9 Fire
                  | Alchemy}
 17725 | D:11     | Reached skill level 1 in Evocations
 18510 | Lair:1   | Entered Level 1 of the Lair of Beasts
 18680 | Lair:1   | Reached skill level 15 in Fighting
 19024 | Lair:1   | Reached XP level 13. HP: 105/150 MP: 13/13
 19192 | Lair:1   | Reached skill level 5 in Dodging
 20438 | Lair:1   | Bought a potion of curing for 48 gold pieces
 20438 | Lair:1   | Bought a potion of curing for 48 gold pieces
 20438 | Lair:1   | Bought a potion of heal wounds for 80 gold pieces
 20438 | Lair:1   | Bought a potion of curing for 48 gold pieces
 20438 | Lair:1   | Bought a potion of curing for 48 gold pieces
 21013 | Lair:2   | HP: 6/153 [elephant (13)]
 21644 | Lair:2   | Reached skill level 5 in Evocations
 21649 | Lair:2   | Bought a potion of curing for 51 gold pieces
 21649 | Lair:2   | Bought a potion of resistance for 170 gold pieces
 21649 | Lair:2   | Bought a potion of haste for 170 gold pieces
 21649 | Lair:2   | Bought a potion of mutation for 136 gold pieces
 21649 | Lair:2   | Bought a potion of degeneration for 17 gold pieces
 21649 | Lair:2   | Bought a potion of cancellation for 136 gold pieces
 21666 | Lair:2   | Found a hole to the Spider Nest.
 22161 | Lair:2   | Found a staircase to the Shoals.
 24139 | Lair:4   | You fall into a shaft and drop 1 floor!
 24139 | Lair:5   | Entered Level 5 of the Lair of Beasts
 24441 | Lair:5   | Reached XP level 14. HP: 166/166 MP: 14/14
 25359 | Lair:4   | Noticed Rupert
 25392 | Lair:4   | Killed Rupert
 26833 | Lair:4   | Identified the ring of the Sky {rPois Will+ Str-3 Dex+3}
 27835 | Lair:5   | Found a staircase to the Slime Pits.
 27894 | Lair:5   | Acquired 548 gold pieces
 28907 | Lair:5   | Noticed a dire elephant
 28926 | Lair:5   | Killed a dire elephant
 30779 | D:11     | Identified the +9 dagger of Omifisel {protect, *Rage rF+
                  | Will+}
 31441 | D:12     | Found a staircase to the Orcish Mines.
 31916 | Orc:1    | Entered Level 1 of the Orcish Mines
 32165 | Orc:1    | Reached XP level 15. HP: 139/179 MP: 15/15
 32166 | Orc:1    | Reached skill level 15 in Maces & Flails
 32788 | Orc:2    | Entered Level 2 of the Orcish Mines
 33649 | Orc:2    | Found a staircase to the Elven Halls.
 34317 | Orc:2    | Noticed an orc warlord
 34319 | Orc:2    | Killed an orc warlord
 34320 | Orc:2    | Reached skill level 16 in Maces & Flails
 34733 | Orc:2    | Found Plog's Antique Weapon Boutique.
 34748 | Orc:2    | Found Azua's Assorted Antiques.
 34754 | Orc:2    | Found Pim Nisk's Armour Shop.
 35310 | Orc:2    | Bought 2 fuming dark potions for 68 gold pieces
 35310 | Orc:2    | Bought a scroll of fear for 152 gold pieces
 35314 | Orc:2    | Bought the +1 robe of Restlessness {Fly rElec Regen+ Str+2}
                  | for 338 gold pieces
 35339 | Orc:2    | Found Jidam's Assorted Antiques.
 35345 | Orc:2    | Bought a scroll of acquirement for 1924 gold pieces
 35345 | Orc:2    | Bought a potion of curing for 111 gold pieces
 35350 | Orc:2    | Acquired the ring of Xuqirr {Fire ^Drain rN+ Will+ Str+6}
 35661 | D:13     | Found a gate leading to a gauntlet.
 35679 | Gauntlet | Entered a Gauntlet
 35679 | Gauntlet | Found a runed translucent door.
 35679 | Gauntlet | Found a transporter.
 35679 | Gauntlet | Found a transporter.
 35679 | Gauntlet | Found a runed translucent door.
 35679 | Gauntlet | Found a transporter.
 35712 | Gauntlet | Found a transporter.
 35724 | Gauntlet | Found a transporter.
 35726 | Gauntlet | Found a transporter.
 35734 | Gauntlet | Found a transporter.
 35829 | Gauntlet | Found a transporter.
 35829 | Gauntlet | Found the amulet of the Air {Inacc Air Fly rElec RMsl}
 35832 | Gauntlet | Found a transporter.
 35836 | Gauntlet | Found a runed translucent door.
 35862 | Gauntlet | Found a runed translucent door.
 35864 | Gauntlet | Found a transporter.
 35867 | Gauntlet | Found a transporter.
 35877 | Gauntlet | Found a transporter.
 36122 | Gauntlet | Identified the ring "Vyipowni" {+Blink rPois rN+ Will+}
 36161 | Gauntlet | Reached skill level 17 in Maces & Flails
 36787 | D:14     | Found a gate to the Vaults.
 37687 | D:14     | Reached skill level 18 in Maces & Flails
 38004 | D:15     | Entered Level 15 of the Dungeon
 38150 | D:15     | Reached XP level 16. HP: 173/188 MP: 16/16
 38202 | D:15     | Found a staircase to the Depths.
 38468 | D:15     | Found Ysued's Jewellery Shoppe.
 38912 | D:15     | Found a glowing silver altar of Zin.
 39168 | Spider:1 | Entered Level 1 of the Spider Nest
 39196 | Spider:1 | Noticed Donald
 39205 | Spider:1 | Killed Donald
 39206 | Spider:1 | Reached skill level 19 in Maces & Flails
 39834 | Shoals:1 | Entered Level 1 of the Shoals
 39891 | Shoals:1 | HP: 7/188 [merfolk impaler/+0 trident (13)]
 39896 | Shoals:1 | HP: 11/282 [merfolk impaler/+0 trident (14)]
 39897 | Shoals:1 | Mangled by a merfolk impaler

Illustrated notes

Levels and vault maps discovered:
D:1:      ncdulo_watergridlock, layout_loops_ring, shapermc_ecumenical_altar_gd,
          amcnicky_mini_corridor_feature, chequers_serial_rivers_micro_d
D:2:      layout_basic, minmay_tetromino_o4
D:3:      layout_loops_cross, jmf_multi_god_temple,
          nemelex_xobeh_ov_fountains_minmay, minmay_misc_feat_hallway
D:4:      layout_loops_corners, grunt_dithmenos_smoke_and_mirrors, minitemple,
          uniq_eustachio
D:5:      layout_basic, serial_shops, shop, minivault_4,
          kennysheep_generic_room_15
D:6:      layout_loops_ring, nrook_campfire, centaur_isle
D:7:      layout_rooms, grunt_temple_overflow_lords_of_destruction,
          mainiacjoe_overflow_boulevard, minmay_temple_entry_offerings,
          minmay_misc_feat_room
D:8:      layout_loops_ring
D:9:      layout_irregular_city, enter_bailey_5, uniq_prince_ribbit1
D:10:     layout_basic, mainiacjoe_overflow_concentric_impassable,
          dpeg_oklobed_lair
D:11:     dragon1_lemuel, layout_long_grid
D:12:     layout_roguey, minmay_orc_entry_temple_small,
          small_chamber_with_monster
D:13:     layout_roguey, gauntlet_entry_generic
D:14:     layout_basic, lightli_vaults_fourway_checkpoint
D:15:     grunt_enter_depths_hoard, layout_rooms, lemuel_coloured_pillars_altar,
          minmay_shop_enchanted_jewellery, drop_trap
Lair:1:   layout_long_grid, beast_lair_carwin_6
Lair:2:   layout_roguey, elwin_shoals_entry_rocks, spider_nest_entry_webs
Lair:3:   layout_gridlike, lemuel_fruit_tree
Lair:4:   dreamdust_isle_of_ice, layout_gridlike, uniq_rupert
Lair:5:   grunt_lair_end_beastmaster, layout_small_grid,
          minmay_slime_entry_jelly_boxes
Shoals:1: layout_shoals, portal_ice_cave_entry_pillars_2, serial_shops,
          nicolae_shop_waterfront
Spider:1: nicolae_spider_corner, hellmonk_narrow_tunnel, uniq_donald
Orc:1:    layout_caves, serial_shops, shop, basic_altar, trog_butcher_becter
Orc:2:    hellmonk_orc_salted, layout_caves

Skill      XL: |  1  2  3  4  5  6  7  8  9 10 11 12 13 14 15 16 |
---------------+-------------------------------------------------+-----
Fighting       | 3 4 5 6 8 10 13 15 17 18 | 18.9
Dodging        | 3 4 7 9 |  9.8
Throwing       | 3 4 5 6 8 11 12 | 12.4
Maces & Flails | 4 5 6 8 10 13 14 18 19 | 19.2
Evocations     | 3 6 7 |  7.0

Action                     |  1- 3 |  4- 6 |  7- 9 | 10-12 | 13-15 | 16-18 || total
---------------------------+-------+-------+-------+-------+-------+-------++-------
  Melee: Flail             |   113 |   164 |   266 |   556 |   747 |       ||  1846
         Headbutt          |    16 |    23 |    35 |   116 |   269 |    19 ||   478
         Dagger            |       |     7 |       |       |       |       ||     7
         Punch             |       |       |     3 |     3 |    10 |       ||    16
         Giant spiked club |       |       |       |       |   375 |    73 ||   448
  Throw: Throwing net      |     2 |       |       |     2 |       |       ||     4
         Large rock        |       |       |     2 |     3 |    34 |       ||    39
         Boomerang         |       |       |       |    28 |    27 |       ||    55
         Javelin           |       |       |       |       |    31 |     5 ||    36
         Dart              |       |       |       |       |     1 |       ||     1
 Invoke: Call Merchant     |       |     1 |       |       |     2 |       ||     3
         Potion Petition   |       |       |       |     2 |     1 |     1 ||     4
  Evoke: Wand              |       |       |    13 |     7 |     4 |     3 ||    27
         Box of beasts     |       |       |       |       |     1 |     1 ||     2
         Lightning rod     |       |       |       |       |       |     1 ||     1
    Use: Scroll            |     2 |     8 |     8 |     7 |    17 |       ||    42
         Potion            |       |     1 |     3 |     3 |     6 |       ||    13
   Stab: Sleeping          |       |     3 |       |       |       |       ||     3
         Distracted        |       |     2 |     2 |     2 |     4 |       ||    10
         Invisible         |       |       |       |       |     2 |       ||     2
 Armour: Robe              |    96 |   137 |   303 |   454 |   856 |    92 ||  1938
         Skin              |       |       |       |       |    36 |       ||    36
  Dodge: Dodged            |    70 |    95 |   179 |   267 |   441 |    58 ||  1110
  Block: Other             |       |       |       |       |   150 |    26 ||   176
         Reflection        |       |       |       |       |    11 |     6 ||    17

Table legend: (Time is in decaauts)
 A = Elapsed time spent in this place.
 B = Non-inter-level travel time spent in this place.
 C = Inter-level travel time spent in this place.
 D = Time resting spent in this place.
 E = Time spent auto-exploring this place.
 F = Levels seen in this place.
 G = Mean time per level.
                   A        B        C        D        E       F      G
               +--------+--------+--------+--------+--------+-----+--------+
         Total |  39684 |  38171 |   1513 |  10232 |  20232 |  26 | 1526.3 |
       Dungeon |  21838 |  20756 |   1082 |   3995 |  12819 |  15 | 1455.9 |
          Lair |  10885 |  10504 |    381 |   2702 |   5935 |   5 | 2177.0 |
        Shoals |     60 |     60 |      0 |      0 |      0 |   1 |   60.0 |
   Spider Nest |    399 |    399 |      0 |    169 |    151 |   1 |  399.0 |
  Orcish Mines |   3147 |   3098 |     49 |   1587 |    921 |   2 | 1573.5 |
        Bailey |   2820 |   2820 |      0 |   1778 |    176 |   1 | 2820.0 |
      Gauntlet |    534 |    534 |      0 |      0 |    230 |   1 |  534.0 |
               +--------+--------+--------+--------+--------+-----+--------+

Top non-repeatable levels by time:
  Lair:4: 3102 daAuts
  Bailey: 2820 daAuts
     D:6: 2560 daAuts
    D:10: 2396 daAuts
  Lair:2: 2132 daAuts
    D:11: 2067 daAuts
  Lair:5: 2019 daAuts
   Orc:2: 1934 daAuts
  Lair:1: 1879 daAuts
     D:2: 1755 daAuts
  Lair:3: 1750 daAuts
     D:9: 1474 daAuts
    D:12: 1452 daAuts
     D:4: 1450 daAuts
    D:13: 1385 daAuts
